 Dungeon Crawl Stone Soup version 0.28-b1-1-g3c77fb2ed1 (webtiles) character file.

Game seed: 14669043912391165485

40 zeram the Chopper (level 3, 0/51 HPs)
             Began as a Hill Orc Cinder Acolyte on Jan 28, 2022.
             Was a High Priest of Ignis.
             Succumbed to an adder's poison
             ... on level 2 of the Dungeon.
             The game lasted 00:02:39 (1718 turns).

zeram the Chopper (Hill Orc Cinder Acolyte)         Turns: 1718, Time: 00:02:39

Health: 0/51       AC: 21    Str: 18    XL:     3   Next: 50%
Magic:  0/4        EV:  2    Int: 14    God:    Ignis [*****.]
Gold:   29         SH:  0    Dex:  6    Spells: 2/4 levels left

rFire   + . .      SeeInvis .   k - +0 short sword (vamp)
rCold   . . .      Faith    .   (no shield)
rNeg    . . .      Spirit   .   (armour currently unavailable)
rPois   +          Reflect  .   (helmet currently unavailable)
rElec   .          Harm     .   (cloak currently unavailable)
rCorr   .          Rampage  .   (gloves currently unavailable)
Will    .....      NoTele   +   (boots currently unavailable)
Stlth   +.........              (no amulet)
HPRegen 0.17/turn               (no ring)
MPRegen 0.09/turn               (no ring)

@: lethally poisoned (0 -> -4), tree-form
A: stationary, stasis, torment immunity, boosted hp
a: Renounce Religion, Fiery Armour, Foxfire Swarm, Rising Flame


You were on level 2 of the Dungeon.
You worshipped Ignis.
Ignis was extremely pleased with you.
You were a tree.
You visited 1 branch of the dungeon, and saw 2 of its levels.

You collected 29 gold pieces.

Inventory:

Hand Weapons
 a - a -1 hand axe of flaming
 k - a +0 vampiric short sword (weapon)
Armour
 b - a +0 robe (melded)
Jewellery
 e - a ring of protection from cold
Scrolls
 f - 2 scrolls of magic mapping
 h - a scroll of torment {unknown}
Potions
 d - a potion of ambrosia
 g - a potion of haste {unknown}
 i - a potion of magic {unknown}
 j - a potion of brilliance {unknown}


   Skills:
 + Level 4.4 Fighting
 + Level 0.2 Short Blades
 + Level 4.8 Axes
 + Level 0.6 Dodging
 - Level 1.0 Spellcasting
 - Level 3.2 Fire Magic


You had 2 spell levels left.
You knew the following spells:

 Your Spells              Type           Power      Damage    Failure   Level
a - Scorch                Fire           18%        2d5       11%         2

Your spell library contained the following spells:

 Spells                   Type           Power      Damage    Failure   Level


Dungeon Overview and Level Annotations

Branches:
Dungeon (2/15)

Altars:


Message History

The adder is almost dead.
The adder's fire resistance burns away.
* * * LOW HITPOINT WARNING * * *
You feel sick. The adder bites you but does no damage.
Really quaff the potion of lignification? [Y]es or [N]o only, please.
Really quaff the potion of lignification?
Okay, then.
Really quaff the potion of lignification?
You turn into a tree.
Your +0 robe melds into your body.
Your roots penetrate the ground.
You feel sick.
The adder bites you but does no damage. x2
You miss the adder.
The adder is almost dead.
You feel sick. The adder bites you but does no damage.
You barely miss the adder.
The adder is almost dead.
You feel sick. The adder bites you but does no damage.
You closely miss the adder.
The adder is almost dead.
You feel sick.
The adder is no longer more vulnerable to fire.
The adder bites you but does no damage. x2
You miss the adder.
The adder is severely wounded.
You feel sick.
You are no longer poisoned.
The adder bites you but does no damage.
You hit the adder but do no damage.
The adder is severely wounded.
The adder bites you but does no damage.
You closely miss the adder.
The adder is severely wounded.
The adder bites you.
* * * LOW HITPOINT WARNING * * *
You are lethally poisoned!
The adder poisons you! The adder bites you but does no damage.
You miss the adder.
The adder is severely wounded.
You die...

.......# #.# #.#
##...### #.# #.# ###.##
#.# #.# ....# #.# #.#
##### #.# #.# #.# #.#
#.# #.# ####.# #.#
#[...# #♣# #.#### ###S#
#######.###....wSg.....#
.................#####.#
.....##.###.####.#
####.##.# # ... .##.#
... ##. #.# ... #.. #.#
.....


You could see a worm, an adder, a goblin and a ball python.

Vanquished Creatures
  A gnoll (D:1)
  A dart slug (D:2)
  2 endoplasms (D:1)
  3 goblins
  3 hobgoblins (D:2)
  2 kobolds
  A quokka (D:1)
  5 ball pythons
  2 bats (D:1)
  3 frilled lizards
  5 rats (D:1)
28 creatures vanquished.

Notes
Turn   | Place    | Note
-------+----------+-------------------------------------------
     0 | D:1      | zeram the Hill Orc Cinder Acolyte began the quest for the
                  | Orb.
     0 | D:1      | Reached XP level 1. HP: 19/19 MP: 2/2
   446 | D:1      | Reached XP level 2. HP: 27/27 MP: 3/3
   447 | D:1      | Found a faded altar of an unknown god.
   615 | D:1      | Learned a level 2 spell: Scorch
   961 | D:1      | Reached XP level 3. HP: 30/33 MP: 4/4
  1498 | D:2      | Identified the -3 helmet of Jyanicse {Will+ rCorr}
  1717 | D:2      | HP: 2/51 [adder (1)]
  1718 | D:2      | Succumbed to an adder's poison

Illustrated notes

Levels and vault maps discovered:
D:1:      lightli_arrival_maybe_door_vault, layout_loops_corners,
          hellmonk_ecumenical_altar_crossroads, roderic_st_hans_cross,
          hangedman_decor_clover_reticule, minivault_25
D:2:      layout_loops_ring, hex_tiny, minmay_misc_feat_rows

Skill      XL: |  1  2 |
---------------+-------+-----
Fighting       | 4 |  4.4
Short Blades   | |  0.2
Axes           | |  4.8
Dodging        | |  0.6
Spellcasting   | |  1.0
Fire Magic     | |  3.2

Action                   || total
-------------------------++-------
Melee: Hand axe          ||    32
       Short sword       ||    54
 Cast: Scorch            ||     4
Invok: Fiery Armour      ||     1
  Use: Scroll            ||     5
       Potion            ||     1
Armor: Robe              ||    15
       Skin              ||     9
Dodge: Dodged            ||    54
